AoeStats
← Kratzbaum

MegaRandom

507819500Analyzed
2v2 RM · 13d ago on Sep 19, 2026· 53m 25s· 4 players
Game mode
Random Map
Map size
Medium (4 player)
Population
200
Speed
Normal
Resources
Standard
Victory
Conquest
Starting age
Dark Age
Ending age
Imperial Age
RankedLock teamsTeams togetherTeam positionsShared explorationLock speedFull tech treeHidden civsTurbo modeCheats
Victory
Defeat
🇩🇪 Turks · Germany
1093
+17
🇩🇪 Japanese · Germany
1090
+17
🇩🇪 Sicilians · Germany
1125
-17
🇦🇪 Poles · United Arab Emirates
1101
-17
Filtravis
3:12 Loom
12:14 Feudal Age
16:21 Castle Age
14:25 Double-Bit Axe
17:39 Wheelbarrow
22:30 Horse Collar
25:04 Bow Saw
26:30 Bloodlines
26:21 Husbandry
26:30 Scale Barding Armor
26:36 Forging
28:08 Chain Barding Armor
32:46 Imperial Age
32:05 Iron Casting
34:26 Plate Barding Armor
34:52 Blast Furnace
33:42 Fletching
35:32 Conscription
47:29 Heavy Camel Rider
Inkencamilla
3:27 Loom
16:19 Feudal Age
22:07 Wheelbarrow
23:39 Castle Age
24:15 Double-Bit Axe
24:28 Horse Collar
31:06 Hand Cart
43:54 Imperial Age
41:10 Pikeman
41:50 Squires
43:42 Forging
43:33 Scale Mail Armor
45:03 Iron Casting
46:53 Chain Mail Armor
47:45 Halberdier
54:00 Plate Mail Armor
54:08 Bow Saw
CamelRaider
4:06 Loom
11:07 Feudal Age
11:45 Double-Bit Axe
11:41 Horse Collar
12:46 Gold Mining
13:04 Town Watch
17:39 Castle Age
17:30 Wheelbarrow
18:05 Scale Barding Armor
18:10 Forging
17:51 Fletching
18:47 Bow Saw
18:38 Heavy Plow
21:11 Stone Mining
21:58 Hand Cart
21:43 Bodkin Arrow
22:09 Chain Barding Armor
23:50 Iron Casting
30:11 Imperial Age
29:05 Bloodlines
28:56 Husbandry
29:17 Town Patrol
29:55 Light Cavalry
31:35 Crop Rotation
32:08 Blast Furnace
31:56 Bracer
32:18 Ballistics
32:50 Masonry
32:36 Murder Holes
33:42 Chemistry
32:24 Treadmill Crane
33:11 Winged Hussar
34:46 Conscription
35:01 Hoardings
34:47 Scale Mail Armor
36:06 Coinage
39:36 Chain Mail Armor
39:39 Elite Obuch
40:26 Szlachta Privileges
40:41 Lechitic Legacy
41:31 Cavalier
44:34 Plate Mail Armor
44:05 Padded Archer Armor
44:29 Arrowslits
44:35 Guard Tower
44:56 Fortified Wall
45:06 Bombard Tower
44:52 Siege Engineers
45:20 Banking
49:06 Caravan
Kratzbaum
5:25 Loom
11:25 Feudal Age
21:44 Double-Bit Axe
21:42 Horse Collar
24:29 Castle Age
23:18 Fishing Lines
24:41 Bloodlines
25:18 Fletching
26:53 Bodkin Arrow
26:59 Padded Archer Armor
27:52 Husbandry
33:48 Ballistics
Connection lost

Rejoining the realm…

Still unreachable

The connection could not be restored.

Session expired

The server has moved on; the page needs a fresh start.